Map: 2000 Atmospheres LE

Players

Bunny

  • Race: Terran Terran

Serral - Winner!

  • Race: Zerg Zerg

Event: DreamHack SC2 Masters 2021 Fall

VOD

Have the link to the VOD?

Description

Time

  • Played on: Sept. 12, 2021, 9:33 a.m.
  • Length: 16:18

All games in this series

Show
View Real Time Build Order
Export as new Build Order

Bunny Terran 

Build Orders: Gas First Reaper Expand 

Get SALT Encoding   

  12  0:00  SCV  
  13  0:12  SCV  
  14  0:17  Supply Depot  
  14  0:25  SCV  
  14  0:27  Refinery  
  15  0:39  SCV  
  16  0:43  Barracks  
  16  0:51  SCV  
  17  1:03  SCV  
  18  1:15  SCV  
  19  1:30  Orbital Command  
  19  1:31  Reaper  
  20  1:43  Command Center  
  20  1:55  Factory  
  20  1:58  SCV  
  21  2:06  Supply Depot  
  21  2:07  Marine  
  22  2:11  SCV  
  23  2:18  Refinery  
  23  2:27  Marine, SCV  
  24  2:39  SCV  
  24  2:41  Hellion  
  25  2:47  Starport  
  24  2:51  SCV  
  24  2:54  Barracks Reactor  
  25  3:02  Hellion  
  25  3:03  SCV  
  28  3:13  Orbital Command  
  28  3:16  SCV  
  29  3:24  Hellion  
  29  3:25  Medivac  
  33  3:28  SCV  
  33  3:31  Marine  
  33  3:32  Marine  
  36  3:40  SCV  
  37  3:42  SCV  
  37  3:46  Factory Reactor  
  38  3:51  Supply Depot  
  38  3:52  Marine, SCV  
  38  3:54  Marine, SCV  
  42  4:00  Liberator  
  45  4:05  SCV  
  46  4:13  Marine x2, SCV  
  49  4:17  Supply Depot, SCV  
  49  4:22  Hellion x2  
  54  4:37  Armory  
  54  4:38  Marine x2  
  54  4:39  SCV x2  
  54  4:41  Supply Depot  
  54  4:43  Hellion  
  54  4:45  Hellion  
  62  5:02  Marine x2  
  62  5:03  Viking, SCV x2  
  62  5:04  Supply Depot  
  62  5:06  Hellion  
  69  5:10  Hellion  
  70  5:26  SCV x2  
  70  5:28  Hellion  
  72  5:31  Marine, Hellion  
  72  5:32  Marine  
  72  5:33  Medivac  
  53  5:38  SCV x2  
  55  5:50  SCV x2  
  55  5:51  Hellion  
  55  5:53  Hellion  
  61  6:02  Command Center  
  61  6:05  Medivac  
  61  6:06  Marine x2  
  65  6:13  Hellion  
  65  6:14  Hellion  
  67  6:26  Factory  
  67  6:27  Factory  
  67  6:34  Hellion  
  67  6:36  Hellion  
  71  6:43  SCV x2  
  69  6:54  Refinery x2  
  69  6:55  Hellion  
  69  6:57  Terran Vehicle Weapons Level 1, Hellion  
  69  6:58  Factory  
  69  6:59  Factory  
  73  7:01  SCV  
  73  7:02  SCV  
  75  7:13  SCV  
  75  7:14  SCV  
  75  7:17  Hellion  
  75  7:18  Hellion  
  73  7:23  Factory Tech Lab x2  
  73  7:27  SCV x2  
  73  7:39  SCV x2, Hellion  
  73  7:40  Hellion  
  79  7:48  Infernal Pre-Igniter, Mag-Field Accelerator, Cyclone x2  
  79  7:49  Factory Reactor, Factory Tech Lab  
  85  7:51  Orbital Command  
  85  7:54  SCV x2  
  87  8:05  Refinery  
  87  8:06  SCV x2  
  87  8:07  Refinery  
  87  8:11  Engineering Bay  
  81  8:14  Hellion x2  
  81  8:17  Hellion  
  80  8:21  Orbital Command  
  79  8:28  Hellion x2  
  79  8:29  Cyclone x2  
  79  8:33  Hellion x2  
  88  8:38  Cyclone  
  90  8:48  SCV  
  90  8:49  SCV x2  
  93  8:57  Supply Depot x3  
  93  9:00  Hellion x2  
  91  9:03  Terran Vehicle Weapons Level 2  
  91  9:05  SCV  
  91  9:06  Supply Depot, Armory, SCV  
  91  9:08  Refinery x2  
  93  9:18  SCV, Hellion x7, Cyclone x3  
  93  9:23  Hellion x2  
  107  9:29  Supply Depot  
  107  9:30  Supply Depot  
  107  9:31  Supply Depot  
  107  9:33  Hellion  
  106  9:38  SCV x3  
  107  9:51  Cyclone x3  
  116  9:57  Hellion x2  
  118  10:10  Command Center  
  118  10:20  Hellion  
  118  10:21  Hellion  
  115  10:25  SCV x3  
  116  10:29  Siege Tank x2  
  116  10:34  Siege Tank  
  125  10:40  Terran Vehicle And Ship Armor Level 1  
  125  10:41  Starport Reactor  
  125  10:43  Supply Depot  
  125  10:47  Supply Depot  
  125  10:48  Hellion  
  125  10:49  Hellion  
  125  11:01  Siege Tank x2  
  131  11:11  Supply Depot x2  
  131  11:14  Sensor Tower  
  131  11:17  Hellion x4  
  139  11:30  Terran Vehicle Weapons Level 3  
  139  11:31  SCV x3  
  142  11:39  Siege Tank  
  148  11:40  Siege Tank  
  148  11:46  Hellion x2  
  148  11:47  Hellion x2  
  148  11:57  Viking x2  
  152  12:07  Cyclone  
  144  12:11  SCV x3  
  144  12:14  Planetary Fortress  
  144  12:17  Refinery  
  144  12:18  Refinery  
  144  12:19  Hellion x4  
  152  12:24  Cyclone  
  153  12:31  SCV x3  
  147  12:39  Orbital Command  
  147  12:42  Siege Tank  
  147  12:43  Hellion x3, Siege Tank  
  144  12:48  Hellion x6  
  138  12:56  Siege Tank  
  116  13:01  Hellion  
  116  13:04  Hellion  
  120  13:09  Hellion x2  
  124  13:14  Siege Tank  
  124  13:15  Siege Tank  
  130  13:25  Hellion  
  130  13:26  Hellion  
  134  13:28  Cyclone  
  134  13:30  Hellion  
  134  13:31  Hellion  
  141  13:37  Sensor Tower  
  141  13:40  Missile Turret  
  141  13:47  Siege Tank x2  
  147  13:50  Hellion x2  
  147  13:51  Missile Turret  
  147  13:52  SCV  
  147  13:53  SCV, Hellion x2  
  147  13:54  Hellion x4  
  145  14:08  Thor  
  135  14:11  Hellion x2  
  139  14:17  Hellion  
  139  14:18  Hellion  
  143  14:31  Siege Tank x2  
  149  14:36  Orbital Command  
  140  14:46  Hellion  
  140  14:48  Hellion  
  140  14:51  Siege Tank  
  126  15:03  Siege Tank x2  
  126  15:04  Hellion x2  
  126  15:10  Hellion x2  
  130  15:24  Orbital Command, Siege Tank  
  130  15:28  Hellion x2  
  134  15:33  Hellion  
  134  15:35  Siege Tank  
  107  15:45  Hellion x2  
  111  15:56  Hellion x3  
Show
View Real Time Build Order
Export as new Build Order

Serral Zerg - Winner!

Build Orders: Pool First 

Get SALT Encoding   

  12  0:00  Drone  
  13  0:12  Overlord  
  13  0:17  Drone  
  14  0:30  Drone x2  
  16  0:40  Spawning Pool  
  15  0:44  Drone  
  15  0:48  Drone  
  17  1:07  Hatchery  
  17  1:11  Drone  
  17  1:27  Zergling x4  
  17  1:28  Zergling x2  
  17  1:30  Queen  
  17  1:31  Extractor  
  21  1:38  Overlord  
  21  1:51  Drone  
  22  2:01  Drone  
  23  2:06  Queen  
  25  2:12  Drone  
  26  2:20  Queen  
  26  2:22  Drone x2  
  29  2:34  Drone x2  
  31  2:37  Metabolic Boost  
  31  2:39  Drone x2  
  31  2:40  Drone  
  34  2:47  Overlord  
  34  2:49  Drone  
  33  2:53  Drone  
  34  3:06  Hatchery  
  34  3:09  Drone  
  34  3:10  Drone  
  35  3:14  Drone  
  35  3:18  Zergling x4  
  38  3:20  Overlord  
  38  3:24  Drone  
  38  3:25  Drone  
  38  3:26  Zergling x2  
  41  3:32  Zergling x2  
  41  3:34  Queen  
  42  3:39  Queen  
  47  3:41  Zergling x2  
  47  3:45  Drone x2  
  47  3:48  Drone  
  50  3:50  Overlord  
  50  3:52  Drone  
  50  3:53  Drone  
  52  3:57  Overlord  
  52  4:08  Zergling x2  
  53  4:11  Queen  
  53  4:14  Zergling x2, Baneling Nest  
  53  4:15  Drone x2  
  53  4:16  Zergling x2  
  58  4:23  Spine Crawler  
  57  4:27  Zergling x4, Overlord  
  57  4:28  Drone  
  57  4:29  Drone x2  
  61  4:33  Drone x2  
  61  4:34  Drone  
  61  4:37  Drone  
  65  4:40  Overlord  
  65  4:44  Overlord  
  65  4:48  Queen  
  65  4:51  Drone  
  68  4:57  Zergling x2  
  68  4:59  Baneling x5  
  69  5:02  Drone x2  
  69  5:05  Zergling x4  
  72  5:10  Spore Crawler, Drone x6  
  73  5:14  Drone  
  73  5:16  Drone  
  73  5:17  Drone  
  76  5:22  Overlord  
  76  5:27  Queen  
  78  5:33  Drone x3  
  78  5:34  Drone  
  76  5:40  Overlord  
  76  5:41  Zergling x4  
  76  5:46  Lair  
  76  5:49  Zergling x4  
  78  5:53  Extractor x2  
  78  5:54  Extractor  
  75  5:59  Zergling x4  
  75  6:00  Drone x3  
  75  6:01  Drone  
  75  6:02  Drone  
  82  6:10  Drone x4  
  86  6:12  Drone  
  86  6:14  Hatchery  
  87  6:18  Zergling x2  
  87  6:23  Zergling x4  
  87  6:24  Zergling x4  
  87  6:25  Baneling  
  90  6:29  Drone x2  
  90  6:32  Zergling x2  
  88  6:34  Queen  
  88  6:35  Queen  
  89  6:42  Zergling x4  
  89  6:45  Drone x4  
  92  6:47  Drone x2  
  92  6:48  Drone  
  92  6:49  Drone  
  92  6:53  Evolution Chamber  
  95  6:55  Overseer, Evolution Chamber  
  95  6:57  Zergling x4  
  95  7:00  Centrifical Hooks  
  96  7:03  Baneling x4  
  96  7:04  Queen  
  98  7:10  Queen x2  
  98  7:13  Zergling x6  
  105  7:18  Baneling x4  
  98  7:25  Zergling x14  
  98  7:27  Baneling x5  
  98  7:28  Baneling  
  104  7:37  Zergling x14  
  104  7:41  Queen  
  111  7:44  Zergling x2  
  111  7:47  Overlord x2  
  111  7:48  Overlord  
  111  7:49  Overlord  
  112  7:53  Overlord  
  112  7:56  Zerg Melee Weapons Level 1, Zerg Ground Armor Level 1  
  112  8:00  Overlord  
  112  8:04  Overlord  
  108  8:16  Drone x12  
  118  8:20  Queen  
  118  8:23  Zergling x8  
  118  8:24  Zergling x2  
  125  8:31  Roach Warren  
  122  8:37  Zergling x20  
  122  8:39  Hatchery  
  128  8:51  Drone x2  
  129  9:00  Drone x2  
  129  9:01  Drone x6  
  137  9:03  Extractor, Overlord  
  137  9:04  Extractor  
  137  9:05  Baneling x12  
  137  9:06  Overlord  
  137  9:09  Zergling x14  
  142  9:16  Baneling x2  
  142  9:19  Zergling x8  
  142  9:23  Glial Reconstitution  
  145  9:27  Roach x4  
  145  9:28  Baneling x5  
  147  9:32  Baneling x7  
  147  9:34  Hatchery, Roach x7  
  157  9:38  Baneling x4  
  157  9:46  Drone  
  157  9:48  Roach x4  
  163  9:53  Baneling x3  
  163  9:54  Overlord  
  163  9:55  Baneling  
  163  9:58  Extractor  
  163  9:59  Extractor  
  161  10:02  Drone  
  161  10:03  Drone x2  
  161  10:04  Zergling x12  
  167  10:10  Overlord  
  167  10:19  Zergling x22  
  176  10:23  Zerg Missile Weapons Level 1  
  176  10:27  Overlord x4  
  176  10:29  Infestation Pit  
  176  10:31  Ravager x5  
  179  10:42  Ravager x2  
  183  10:43  Ravager x2  
  183  10:46  Baneling x2  
  175  10:54  Drone x2  
  175  10:55  Drone x3  
  175  10:56  Drone  
  175  10:57  Drone x3  
  177  11:00  Zergling x32  
  177  11:01  Zergling x2  
  195  11:04  Spine Crawler  
  195  11:05  Spine Crawler  
  195  11:09  Hive  
  195  11:10  Burrow, Infestor  
  195  11:11  Infestor  
  195  11:13  Spine Crawler  
  195  11:14  Hatchery, Spine Crawler  
  195  11:18  Drone x3  
  197  11:22  Baneling  
  197  11:25  Baneling x12  
  196  11:31  Zergling x12  
  200  11:33  Baneling x4  
  200  11:45  Zergling x14  
  199  11:55  Baneling x5  
  199  12:00  Infestor  
  199  12:06  Zergling x20  
  199  12:07  Zergling x20  
  198  12:12  Drone x4  
  197  12:17  Zergling x6  
  197  12:29  Zergling x12  
  200  12:32  Zerg Melee Weapons Level 2, Zerg Missile Weapons Level 2  
  195  12:41  Drone x6  
  199  12:46  Evolution Chamber  
  199  12:47  Spire  
  199  12:50  Zergling x26  
  186  12:55  Zergling x4  
  176  12:59  Zergling x4  
  176  13:04  Extractor x2  
  176  13:05  Drone x3  
  176  13:06  Viper x2, Drone x3  
  176  13:09  Baneling x6  
  176  13:11  Zergling x22  
  198  13:18  Zergling x2  
  199  13:21  Infestor  
  199  13:22  Baneling x4  
  197  13:35  Zerg Ground Armor Level 2  
  197  13:38  Baneling x19  
  197  13:45  Zergling x4  
  197  13:58  Spine Crawler  
  197  14:02  Zergling x30  
  200  14:08  Zergling x12  
  199  14:17  Ravager  
  199  14:21  Zerg Flyer Armor Level 1  
  199  14:22  Adrenal Glands, Pathogen Glands  
  199  14:23  Spire  
  199  14:24  Hatchery  
  197  14:42  Zergling x6  
  198  14:49  Zergling x12  
  198  14:52  Baneling x8  
  182  15:06  Roach x4  
  182  15:07  Zergling x4, Roach x3  
  190  15:08  Zergling x16  
  200  15:15  Baneling x2  
  180  15:39  Zergling x2, Roach x7  
  180  15:40  Zergling x24, Roach x2  
  180  15:42  Zergling x4  
  190  15:44  Ravager x4  
  190  15:48  Zergling x4  
  196  15:58  Zergling x8  

Tags
 
Add a new tag
Caveats
  • Supply blocks, unpowered buildings, or Contaminate may cause inaccurate times.
  • Supply counts are checked every 10 seconds.